 Dungeon Crawl Stone Soup version 0.22.0-35-ge4bf2f5f59 (webtiles) character file.

4371 motoroller71 the Blocker (level 10, -6/82 HPs)
             Began as a Gnoll Fighter on Aug 24, 2018.
             Was an Initiate of Makhleb.
             Blown up by Maurice (21 damage)
             ... with a wand of disintegration (10)
             ... on level 8 of the Dungeon.
             The game lasted 00:09:30 (7156 turns).

motoroller71 the Blocker (Gnoll Fighter)            Turns: 7156, Time: 00:09:30

Health: -6/82      AC: 15    Str: 22    XL:     10   Next: 34%
Magic:  17/17      EV:  9    Int: 10    God:    Makhleb [......]
Gold:   0          SH: 12    Dex: 15    Spells: 17/19 levels left

rFire    . . .     SeeInvis .   a - +0 war axe
rCold    . . .     Gourm    .   c - +0 shield
rNeg     . . .     Faith    .   F - +0 storm dragon scales
rPois    .         Spirit   .   o - +0 helmet
rElec    +         Reflect  .   n - scarf {cloud immunity}
rCorr    .         Harm     .   (no gloves)
MR       .....                  (no boots)
Stlth    ..........             r - amulet of the acrobat
HPRegen  0.23/turn              (no ring)
MPRegen  0.15/turn              (no ring)

@: no status effects
A: distributed training, fangs 1, strong nose
a: Renounce Religion


You were on level 8 of the Dungeon.
You worshipped Makhleb.
Makhleb was noncommittal.
You were very hungry.

You visited 1 branch of the dungeon, and saw 8 of its levels.

Inventory:

Hand Weapons
 a - a +0 war axe (weapon)
Missiles
 C - 5 throwing nets {=f}
Armour
 c - a +0 shield (worn)
 n - a scarf of cloud immunity (worn)
 o - a +0 helmet (worn)
 F - +0 storm dragon scales (worn)
Jewellery
 r - an amulet of the acrobat (around neck)
Wands
 y - a wand of flame (32)
Scrolls
 e - 2 scrolls of immolation {unknown}
 g - a scroll of noise {unknown}
 h - a scroll of magic mapping {unknown}
 i - 8 scrolls of identify {unknown}
 p - 5 scrolls of fear {unknown}
 s - 3 scrolls of teleportation {unknown}
 v - 3 scrolls of enchant weapon {unknown}
 A - 4 scrolls of remove curse {unknown}
 E - a scroll of holy word {unknown}
Potions
 j - 2 potions of curing {unknown}
 k - a potion of lignification {unknown}
 l - a potion of resistance {unknown}
 m - 4 potions of brilliance {unknown}
 q - 2 potions of heal wounds {unknown}
 u - 2 potions of agility {unknown}
 w - 2 potions of might
 x - a potion of berserk rage {unknown}
 z - a potion of haste {unknown}
 D - a potion of flight {unknown}
Comestibles
 f - 5 rations


   Skills:
 + Level 8.4 Fighting
 + Level 5.1 Short Blades
 + Level 5.1 Long Blades
 + Level 6.9 Axes
 + Level 5.1 Maces & Flails
 + Level 5.1 Polearms
 + Level 5.1 Staves
 + Level 5.1 Slings
 + Level 5.1 Bows
 + Level 5.1 Crossbows
 + Level 5.1 Throwing
 + Level 8.4 Armour
 + Level 5.1 Dodging
 + Level 5.1 Stealth
 + Level 8.4 Shields
 + Level 5.1 Unarmed Combat
 + Level 5.1 Spellcasting
 + Level 4.2 Conjurations
 + Level 4.2 Hexes
 + Level 4.2 Charms
 + Level 4.2 Summonings
 + Level 4.2 Necromancy
 + Level 4.2 Translocations
 + Level 4.2 Transmutations
 + Level 4.2 Fire Magic
 + Level 4.2 Ice Magic
 + Level 4.2 Air Magic
 + Level 4.2 Earth Magic
 + Level 4.2 Poison Magic
 + Level 5.6 Invocations
 + Level 5.1 Evocations


You had 17 spell levels left.
You knew the following spells:

 Your Spells              Type           Power        Failure   Level  Hunger
b - Blink                 Tloc           N/A          67%         2    ##.....

Your spell library contained the following spells:

 Spells                   Type           Power        Failure   Level  Hunger
 Beastly Appendage        Tmut           ##....       52%         1    None
 Magic Dart               Conj           ##..         52%         1    None
 Call Imp                 Summ           ##......     67%         2    ##.....
 Slow                     Hex            ##......     67%         2    ##.....
 Sticks to Snakes         Tmut           ##......     67%         2    ##.....
 Conjure Flame            Conj/Fire      ##......     88%         3    ###....
 Mephitic Cloud           Conj/Pois/Air  ##......     88%         3    ###....
 Spider Form              Tmut/Pois      ##........   88%         3    ###....
 Ice Form                 Ice/Tmut       ##......     99%         4    ####...
 Blade Hands              Tmut           ##........   100%        5    ######.


Dungeon Overview and Level Annotations

Branches:
Dungeon (8/15)             Temple (0/1) D:7
   Lair: D:8-11

Altars:
Dithmenos
Gozag
Hepliaklqana
Kikubaaqudgha
Makhleb
Nemelex Xobeh
Okawaru
Qazlal
Ru
Yredelemnul

Annotations:
D:8 Maurice


Innate Abilities, Weirdness & Mutations

Your experience applies equally to all skills.
You have very sharp teeth.
Your uncanny sense of smell can sniff out nearby items.


Message History

You miss something. You bite something. Something hits you but does no damage.
You take 16 damage, and have 29/82 hp.
Your shield and storm dragon scales prevent you from hitting something.
You hear a zap.
You are blasted!
* * * LOW HITPOINT WARNING * * *
Something hits you but does no damage.
You take 13 damage, and have 16/82 hp.
You hit something.
You hear a zap.
Something tries to affect you, but you resist.
Unknown command.
You slash something! Something hits you.
* * * LOW HITPOINT WARNING * * *
Something steals your 2 fizzy emerald potions!
You take 2 damage, and have 15/82 hp.
The puff of flame hits something.
You hear a zap.
You are blasted!
You die...

######.........#.###.
#.#..........<..
#...#...##......
####.###.########.
###..(...§.########.
#.................).
#.#)##..#######.####
# #(##..# ∆#@##....
#{###.##. #.....#.# #
∆ #.....#o# #.......
#.....#.. #.....####
###.### #.#


There were no monsters in sight!

Vault maps used:
D:1:      lightli_arrival_lavapool
D:2:      lemuel_zombie_altar_kikubaaqudgha
D:3:      okawaru_gym_becter, yredelemnul_altar_generic, uniq_sigmund
D:4:      minitemple, first_ration, minmay_tree_intersection
D:5:      hangedman_abyss_or_decor_lesser_grid
D:6:      kennysheep_small_spiral, uniq_prince_ribbit1
D:7:      lemuel_doored_altar, nicolae_qazlal_eye_of_the_storm,
          old_standard_altar, minmay_temple_entry_poolview, uniq_pikel,
          uniq_joseph
D:8:      uniq_grum, uniq_harold, uniq_maurice

Notes
Turn   | Place    | Note
-------+----------+-------------------------------------------
     0 | D:1      | motoroller71 the Gnoll Fighter began the quest for the Orb.
     0 | D:1      | Reached XP level 1. HP: 23/23 MP: 1/1
    95 | D:1      | Reached XP level 2. HP: 29/29 MP: 2/2
   233 | D:1      | Reached XP level 3. HP: 35/35 MP: 3/3
   554 | D:1      | Reached skill level 1 in Invocations
   674 | D:2      | Reached skill level 1 in Short Blades
   674 | D:2      | Reached skill level 1 in Long Blades
   674 | D:2      | Reached skill level 1 in Maces & Flails
   674 | D:2      | Reached skill level 1 in Polearms
   674 | D:2      | Reached skill level 1 in Staves
   674 | D:2      | Reached skill level 1 in Slings
   674 | D:2      | Reached skill level 1 in Bows
   674 | D:2      | Reached skill level 1 in Crossbows
   674 | D:2      | Reached skill level 1 in Throwing
   674 | D:2      | Reached skill level 1 in Dodging
   674 | D:2      | Reached skill level 1 in Stealth
   674 | D:2      | Reached skill level 1 in Unarmed Combat
   674 | D:2      | Reached skill level 1 in Spellcasting
   674 | D:2      | Reached skill level 1 in Evocations
   674 | D:2      | Reached XP level 4. HP: 33/41 MP: 5/5
   718 | D:2      | Identified a scarf of cloud immunity (You found it on level 2 of the Dungeon)
   800 | D:2      | Reached skill level 1 in Conjurations
   800 | D:2      | Reached skill level 1 in Hexes
   800 | D:2      | Reached skill level 1 in Charms
   800 | D:2      | Reached skill level 1 in Summonings
   800 | D:2      | Reached skill level 1 in Necromancy
   800 | D:2      | Reached skill level 1 in Translocations
   800 | D:2      | Reached skill level 1 in Transmutations
   800 | D:2      | Reached skill level 1 in Fire Magic
   800 | D:2      | Reached skill level 1 in Ice Magic
   800 | D:2      | Reached skill level 1 in Air Magic
   800 | D:2      | Reached skill level 1 in Earth Magic
   800 | D:2      | Reached skill level 1 in Poison Magic
  1134 | D:2      | Reached XP level 5. HP: 47/47 MP: 6/6
  1218 | D:2      | Found an ancient bone altar of Kikubaaqudgha.
  1421 | D:2      | Identified an amulet of the acrobat (You found it on level 2 of the Dungeon)
  1427 | D:2      | Identified a +0 helmet (You found it on level 2 of the Dungeon)
  1616 | D:3      | Found an iron altar of Okawaru.
  1640 | D:3      | Found a basalt altar of Yredelemnul.
  1743 | D:3      | Reached XP level 6. HP: 51/53 MP: 8/8
  1776 | D:3      | Noticed Sigmund
  1791 | D:3      | Killed Sigmund
  1791 | D:3      | Reached skill level 2 in Short Blades
  1791 | D:3      | Reached skill level 2 in Long Blades
  1791 | D:3      | Reached skill level 5 in Axes
  1791 | D:3      | Reached skill level 2 in Maces & Flails
  1791 | D:3      | Reached skill level 2 in Polearms
  1791 | D:3      | Reached skill level 2 in Staves
  1791 | D:3      | Reached skill level 2 in Slings
  1791 | D:3      | Reached skill level 2 in Bows
  1791 | D:3      | Reached skill level 2 in Crossbows
  1791 | D:3      | Reached skill level 2 in Throwing
  1791 | D:3      | Reached skill level 2 in Dodging
  1791 | D:3      | Reached skill level 2 in Stealth
  1791 | D:3      | Reached skill level 2 in Unarmed Combat
  1791 | D:3      | Reached skill level 2 in Spellcasting
  1791 | D:3      | Reached skill level 2 in Invocations
  1791 | D:3      | Reached skill level 2 in Evocations
  2345 | D:4      | Reached XP level 7. HP: 55/59 MP: 10/10
  2433 | D:4      | Found a shadowy altar of Dithmenos.
  2437 | D:4      | Found a sacrificial altar of Ru.
  2438 | D:4      | Found a hazy altar of Hepliaklqana.
  2438 | D:4      | Found a sparkling altar of Nemelex Xobeh.
  2485 | D:4      | Reached skill level 7 in Fighting
  2485 | D:4      | Reached skill level 7 in Armour
  2485 | D:4      | Reached skill level 7 in Shields
  2679 | D:4      | Reached skill level 2 in Conjurations
  2679 | D:4      | Reached skill level 2 in Hexes
  2679 | D:4      | Reached skill level 2 in Charms
  2679 | D:4      | Reached skill level 2 in Summonings
  2679 | D:4      | Reached skill level 2 in Necromancy
  2679 | D:4      | Reached skill level 2 in Translocations
  2679 | D:4      | Reached skill level 2 in Transmutations
  2679 | D:4      | Reached skill level 2 in Fire Magic
  2679 | D:4      | Reached skill level 2 in Ice Magic
  2679 | D:4      | Reached skill level 2 in Air Magic
  2679 | D:4      | Reached skill level 2 in Earth Magic
  2679 | D:4      | Reached skill level 2 in Poison Magic
  3094 | D:5      | Entered Level 5 of the Dungeon
  3289 | D:5      | Reached skill level 3 in Invocations
  3507 | D:5      | Reached XP level 8. HP: 67/67 MP: 12/12
  3657 | D:5      | Learned a level 2 spell: Blink
  4209 | D:6      | Noticed Prince Ribbit
  4219 | D:6      | Killed Prince Ribbit
  4219 | D:6      | Reached skill level 3 in Short Blades
  4219 | D:6      | Reached skill level 3 in Long Blades
  4219 | D:6      | Reached skill level 3 in Maces & Flails
  4219 | D:6      | Reached skill level 3 in Polearms
  4219 | D:6      | Reached skill level 3 in Staves
  4219 | D:6      | Reached skill level 3 in Slings
  4219 | D:6      | Reached skill level 3 in Bows
  4219 | D:6      | Reached skill level 3 in Crossbows
  4219 | D:6      | Reached skill level 3 in Throwing
  4219 | D:6      | Reached skill level 3 in Dodging
  4219 | D:6      | Reached skill level 3 in Stealth
  4219 | D:6      | Reached skill level 3 in Unarmed Combat
  4219 | D:6      | Reached skill level 3 in Spellcasting
  4219 | D:6      | Reached skill level 3 in Evocations
  4593 | D:6      | Got an ominously black robe
  4794 | D:6      | Reached skill level 3 in Conjurations
  4794 | D:6      | Reached skill level 3 in Hexes
  4794 | D:6      | Reached skill level 3 in Charms
  4794 | D:6      | Reached skill level 3 in Summonings
  4794 | D:6      | Reached skill level 3 in Necromancy
  4794 | D:6      | Reached skill level 3 in Translocations
  4794 | D:6      | Reached skill level 3 in Transmutations
  4794 | D:6      | Reached skill level 3 in Fire Magic
  4794 | D:6      | Reached skill level 3 in Ice Magic
  4794 | D:6      | Reached skill level 3 in Air Magic
  4794 | D:6      | Reached skill level 3 in Earth Magic
  4794 | D:6      | Reached skill level 3 in Poison Magic
  4794 | D:6      | Reached skill level 4 in Invocations
  4827 | D:6      | Reached skill level 6 in Axes
  4827 | D:6      | Reached XP level 9. HP: 72/72 MP: 14/14
  5095 | D:7      | Noticed Joseph
  5120 | D:7      | HP: 8/73 [Joseph/uncursed quarterstaff (15)]
  5121 | D:7      | HP: 2/73 [Joseph/uncursed quarterstaff (6)]
  5124 | D:7      | Killed Joseph
  5124 | D:7      | Reached skill level 4 in Short Blades
  5124 | D:7      | Reached skill level 4 in Long Blades
  5124 | D:7      | Reached skill level 4 in Maces & Flails
  5124 | D:7      | Reached skill level 4 in Polearms
  5124 | D:7      | Reached skill level 4 in Staves
  5124 | D:7      | Reached skill level 4 in Slings
  5124 | D:7      | Reached skill level 4 in Bows
  5124 | D:7      | Reached skill level 4 in Crossbows
  5124 | D:7      | Reached skill level 4 in Throwing
  5124 | D:7      | Reached skill level 4 in Dodging
  5124 | D:7      | Reached skill level 4 in Stealth
  5124 | D:7      | Reached skill level 4 in Unarmed Combat
  5124 | D:7      | Reached skill level 4 in Spellcasting
  5124 | D:7      | Reached skill level 4 in Evocations
  5462 | D:7      | Found a burning altar of Makhleb.
  5508 | D:7      | Became a worshipper of Makhleb the Destroyer
  5580 | D:7      | Noticed Pikel
  5603 | D:7      | Killed Pikel
  5603 | D:7      | Reached skill level 8 in Fighting
  5603 | D:7      | Reached skill level 8 in Armour
  5603 | D:7      | Reached skill level 8 in Shields
  5856 | D:7      | Found an opulent altar of Gozag.
  5920 | D:7      | Found a staircase to the Ecumenical Temple.
  5957 | D:7      | Found a stormy altar of Qazlal.
  6052 | D:7      | Identified +0 storm dragon scales (You found it on level 7 of the Dungeon)
  6246 | D:8      | Reached skill level 5 in Invocations
  6295 | D:8      | Noticed Harold
  6319 | D:8      | Killed Harold
  6319 | D:8      | Reached skill level 4 in Conjurations
  6319 | D:8      | Reached skill level 4 in Hexes
  6319 | D:8      | Reached skill level 4 in Charms
  6319 | D:8      | Reached skill level 4 in Summonings
  6319 | D:8      | Reached skill level 4 in Necromancy
  6319 | D:8      | Reached skill level 4 in Translocations
  6319 | D:8      | Reached skill level 4 in Transmutations
  6319 | D:8      | Reached skill level 4 in Fire Magic
  6319 | D:8      | Reached skill level 4 in Ice Magic
  6319 | D:8      | Reached skill level 4 in Air Magic
  6319 | D:8      | Reached skill level 4 in Earth Magic
  6319 | D:8      | Reached skill level 4 in Poison Magic
  6319 | D:8      | Reached XP level 10. HP: 23/80 MP: 15/17
  6335 | D:8      | HP: 19/80 [hippogriff (3)]
  6337 | D:8      | Reached skill level 5 in Short Blades
  6337 | D:8      | Reached skill level 5 in Long Blades
  6337 | D:8      | Reached skill level 5 in Maces & Flails
  6337 | D:8      | Reached skill level 5 in Polearms
  6337 | D:8      | Reached skill level 5 in Staves
  6337 | D:8      | Reached skill level 5 in Slings
  6337 | D:8      | Reached skill level 5 in Bows
  6337 | D:8      | Reached skill level 5 in Crossbows
  6337 | D:8      | Reached skill level 5 in Throwing
  6337 | D:8      | Reached skill level 5 in Dodging
  6337 | D:8      | Reached skill level 5 in Stealth
  6337 | D:8      | Reached skill level 5 in Unarmed Combat
  6337 | D:8      | Reached skill level 5 in Spellcasting
  6337 | D:8      | Reached skill level 5 in Evocations
  6912 | D:8      | Noticed a gargoyle
  6923 | D:8      | Killed a gargoyle
  7098 | D:8      | Noticed Maurice
  7153 | D:8      | HP: 16/82 [disintegration (13)]
  7156 | D:8      | Blown up by Maurice

Table legend:
 A = Turns spent in this place as a percentage of turns spent in the entire game.
 B = Non-inter-level travel turns spent in this place as a percentage of non-inter-level travel turns spent in the entire game.
 C = Inter-level travel turns spent in this place as a percentage of turns spent in this place.
 D = Turns resting spent in this place as a percentage of non-inter-level travel turns spent in this place.
 E = Turns spent auto-exploring this place as a percentage of non-inter-level travel turns spent in this place.
 F = Non-inter-level travel turns spent in this place divided by the number of levels of this place that you've seen.
                   A       B       C       D       E      F
               +-------+-------+-------+-------+-------+----------------------
         Total | 100.0 | 100.0 |   2.1 |  24.7 |  57.9 | 875.6
       Dungeon | 100.0 | 100.0 |   2.1 |  24.7 |  57.9 | 875.6
               +-------+-------+-------+-------+-------+----------------------

Table legend:
 A = Kills in this place as a percentage of kills in entire the game.
 B = Kills by you in this place as a percentage of kills by you in the entire game.
 C = Kills by friends in this place as a percentage of kills by friends in the entire game.
 D = Other kills in this place as a percentage of other kills in the entire game.
 E = Experience gained in this place as a percentage of experience gained in the entire game.
 F = Experience gained in this place divided by the number of levels of this place that you have seen.
                   A       B       C       D       E      F
               +-------+-------+-------+-------+-------+----------------------
         Total | 100.0 | 100.0 |   N/A |   N/A | 100.0 | 780.6
       Dungeon | 100.0 | 100.0 |   N/A |   N/A | 100.0 | 780.6
               +-------+-------+-------+-------+-------+----------------------

Skill      XL: |  1  2  3  4  5  6  7  8  9 10 |
---------------+-------------------------------+-----
Invocations    | 1 2 3 4 5 |  5.6
Short Blades   | 1 2 3 4 5 |  5.1
Long Blades    | 1 2 3 4 5 |  5.1
Maces & Flails | 1 2 3 4 5 |  5.1
Polearms       | 1 2 3 4 5 |  5.1
Staves         | 1 2 3 4 5 |  5.1
Slings         | 1 2 3 4 5 |  5.1
Bows           | 1 2 3 4 5 |  5.1
Crossbows      | 1 2 3 4 5 |  5.1
Throwing       | 1 2 3 4 5 |  5.1
Dodging        | 1 2 3 4 5 |  5.1
Stealth        | 1 2 3 4 5 |  5.1
Unarmed Combat | 1 2 3 4 5 |  5.1
Spellcasting   | 1 2 3 4 5 |  5.1
Evocations     | 1 2 3 4 5 |  5.1
Conjurations   | 1 2 3 4 |  4.2
Hexes          | 1 2 3 4 |  4.2
Charms         | 1 2 3 4 |  4.2
Summonings     | 1 2 3 4 |  4.2
Necromancy     | 1 2 3 4 |  4.2
Translocations | 1 2 3 4 |  4.2
Transmutations | 1 2 3 4 |  4.2
Fire Magic     | 1 2 3 4 |  4.2
Ice Magic      | 1 2 3 4 |  4.2
Air Magic      | 1 2 3 4 |  4.2
Earth Magic    | 1 2 3 4 |  4.2
Poison Magic   | 1 2 3 4 |  4.2
Axes           | 5 6 |  6.9
Fighting       | 7 8 |  8.4
Armour         | 7 8 |  8.4
Shields        | 7 8 |  8.4

Action                   |  1- 3 |  4- 6 |  7- 9 | 10-12 || total
-------------------------+-------+-------+-------+-------++-------
Melee: War axe           |    69 |   155 |   297 |    73 ||   594
       Bite              |    11 |    13 |    47 |     8 ||    79
Evoke: Wand              |       |       |    10 |     2 ||    12
 Stab: Sleeping          |       |       |     1 |       ||     1
  Eat: Chunk             |       |     5 |    11 |       ||    16
       Ration            |       |       |     1 |       ||     1
Armor: Scale mail        |    37 |    52 |    67 |       ||   156
       Storm dragon scal |       |       |    13 |    37 ||    50
Dodge: Dodged            |    29 |    53 |   119 |    15 ||   216
Block: Shield            |    48 |    94 |   164 |    29 ||   335

Vanquished Creatures
  Harold (D:8)
  Pikel (D:7)
  Joseph (D:7)
  A gargoyle (D:8)
  Prince Ribbit (D:6)
  A hippogriff (D:8)
  Sigmund (D:3)
  A water moccasin (D:7)
  2 ice beasts
  An orc warrior (D:7)
  2 ogres (D:7)
  A centaur (D:5)
  4 bullfrogs
  A howler monkey (D:4)
  5 wights (D:6)
  4 crimson imps
  3 centaur zombies
  3 hounds
  2 bullfrog skeletons
  A centaur skeleton (D:8)
  4 orc priests
  An iguana (D:5)
  An orc wizard (D:7)
  5 worker ants
  11 gnolls
  A howler monkey skeleton (D:4)
  6 adders
  3 oozes
  2 worms
  2 dart slugs (D:1)
  4 leopard geckos
  14 orcs
  4 ball pythons
  6 bats
  2 bat zombies (D:2)
  8 giant cockroaches
  7 hobgoblins
  12 jackals
  8 kobolds
  3 quokkas
  5 frilled lizards
  5 goblins
  A leopard gecko skeleton (D:4)
  A leopard gecko zombie (D:7)
  A quokka zombie (D:5)
  6 rats
  A rat zombie (D:2)
161 creatures vanquished.
